 Dungeon Crawl Stone Soup version 0.22-b1-21-g5cfc168 (webtiles) character file.

662 Tuzaro the Shield-Bearer (level 7, -6/43 HPs)
             Began as a Gargoyle Fighter on Aug 4, 2018.
             Mangled by Prince Ribbit (12 damage)
             ... on level 4 of the Dungeon.
             The game lasted 00:17:02 (3858 turns).

Tuzaro the Shield-Bearer (Gargoyle Fighter)         Turns: 3858, Time: 00:17:03

Health: -6/43      AC: 13    Str: 28    XL:     7   Next: 56%
Magic:  0/7        EV:  8    Int:  9    God:
Gold:   152        SH: 12    Dex:  9    Spells: 6/6 levels left

rFire    . . .     SeeInvis .   a - +0 flail
rCold    . . .     Gourm    .   c - +1 shield
rNeg     + . .     Faith    .   b - +0 scale mail
rPois    ∞         Spirit   +   (no helmet)
rElec    +         Reflect  .   (no cloak)
rCorr    .         Harm     .   r - +0 pair of gloves
MR       .....                  (no boots)
Stlth    ..........             g - amulet of guardian spirit
HPRegen  0.14/turn              x - +2 ring of strength
MPRegen  0.10/turn              (no ring)

@: mighty
A: negative energy resistance 1, electricity resistance, unbreathing,
petrification resistance, rot immunity, AC +4
a: no special abilities


You were on level 4 of the Dungeon.
You were hungry.

You visited 1 branch of the dungeon, and saw 5 of its levels.

You collected 152 gold pieces.

Inventory:

Hand Weapons
 a - a +0 flail (weapon)
 q - a cursed -3 whip
Missiles
 h - 110 stones (quivered)
 t - 2 tomahawks
 u - 33 sling bullets
 v - 39 poisoned needles
Armour
 b - a +0 scale mail (worn)
 c - a +1 shield (worn)
 r - a +0 pair of gloves (worn)
Jewellery
 g - an amulet of guardian spirit (around neck)
 x - a +2 ring of strength (left hand)
Scrolls
 i - 5 scrolls of teleportation {unknown}
 j - 4 scrolls of identify
 k - a scroll of random uselessness {unknown}
 l - 3 scrolls of enchant armour
 o - a scroll of enchant weapon {unknown}
 p - 2 scrolls of fear {unknown}
 s - a scroll of immolation {unknown}
 w - 2 scrolls of magic mapping {unknown}
 y - a scroll of amnesia {unknown}
Potions
 e - 2 potions of heal wounds {unknown}
 m - a potion of brilliance {unknown}
 n - a potion of mutation {unknown}
Comestibles
 f - 5 rations


   Skills:
 + Level 4.0 Fighting
 * Level 5.6 Maces & Flails
 + Level 4.1 Armour
 + Level 1.0 Dodging
 * Level 6.1 Shields


You had 6 spell levels left.
You didn't know any spells.
Your spell library contained the following spells:

 Spells                   Type           Power        Failure   Level  Hunger
 Magic Dart               Conj           #...         95%         1    ##.....
 Conjure Flame            Conj/Fire      #.......     100%        3    ####...
 Slow                     Hex            #.......     99%         2    ###....
 Mephitic Cloud           Conj/Pois/Air  #.......     100%        3    ####...
 Blink                    Tloc           N/A          99%         2    ###....
 Call Imp                 Summ           #.......     99%         2    ###....


Dungeon Overview and Level Annotations

Branches:
Dungeon (5/15)
 Temple: D:4-7

Altars:
Beogh

Annotations:
D:3 2 transporters, 3 runed doors, zapotec's ghost, amateur GnAs
D:4 Prince Ribbit


Innate Abilities, Weirdness & Mutations

You are resistant to torment.
Your stone body is resilient. (AC +4)
You are immune to poison.
You resist negative energy. (rN+)
You are resistant to electric shocks. (rElec)
You can survive without breathing.
You are immune to petrification.
You are immune to rotting.


Message History

Prince Ribbit hits you!
* * * LOW HITPOINT WARNING * * *
You miss Prince Ribbit.
Prince Ribbit is moderately wounded.
Prince Ribbit barely misses you.
You are feeling hungry.
Your shield and scale mail prevent you from hitting Prince Ribbit.
Prince Ribbit is moderately wounded.
You block Prince Ribbit's attack. Prince Ribbit hits you.
* * * LOW HITPOINT WARNING * * *
You feel very mighty all of a sudden. Prince Ribbit hits you.
* * * LOW HITPOINT WARNING * * *
Your shield and scale mail prevent you from hitting Prince Ribbit.
Prince Ribbit is moderately wounded.
Prince Ribbit barely misses you. x2
You sock Prince Ribbit!
Prince Ribbit is severely wounded.
Prince Ribbit hits you!
You die...

##.............###.#.###
#..............# #...# #
#.........###..###.#.###
##########.........#
#.#....#....
........)..........#
#..........#
##############.....#
######.##### ###.### #.#
#F# #.# #@# #.#
#)##########.#
#............#
##############


You could see Prince Ribbit.

Vanquished Creatures
  Menkaure (D:4)
  2 phantoms (D:4)
  A hound (D:4)
  3 orc wizards
  An iguana (D:4)
  3 worker ants
  A hound skeleton (D:2)
  4 adders
  2 worms
  3 dart slugs
  5 leopard geckos
  10 orcs (D:4)
  2 giant cockroaches
  8 goblins
  9 hobgoblins
  6 jackals
  2 quokkas
  7 bats
  4 frilled lizards
  10 kobolds
  9 rats
93 creatures vanquished.

Notes
Turn   | Place    | Note
-------+----------+-------------------------------------------
     0 | D:1      | Tuzaro the Gargoyle Fighter began the quest for the Orb.
     0 | D:1      | Reached XP level 1. HP: 14/14 MP: 1/1
    66 | D:1      | Reached XP level 2. HP: 14/19 MP: 2/2
   382 | D:1      | Reached XP level 3. HP: 23/23 MP: 3/3
   842 | D:2      | Reached skill level 4 in Shields
   947 | D:2      | Reached XP level 4. HP: 14/28 MP: 4/4
  1883 | D:3      | Reached XP level 5. HP: 32/32 MP: 5/5
  2032 | D:3      | Found a transporter.
  2259 | D:3      | Found a transporter.
  2630 | D:3      | Found a runed gate.
  2630 | D:3      | Noticed zapotec's ghost (amateur GnAs)
  2632 | D:3      | Found a runed gate.
  2633 | D:3      | Found a runed gate.
  2646 | D:3      | Found a roughly hewn altar of Beogh.
  2879 | D:4      | Reached skill level 5 in Shields
  2934 | D:4      | Reached XP level 6. HP: 37/37 MP: 6/6
  3281 | D:4      | Noticed a phantom
  3360 | D:4      | Killed a phantom
  3360 | D:4      | Reached skill level 5 in Maces & Flails
  3506 | D:4      | Noticed a phantom
  3543 | D:4      | Killed a phantom
  3543 | D:4      | Reached XP level 7. HP: 36/42 MP: 5/7
  3655 | D:5      | Entered Level 5 of the Dungeon
  3655 | D:5      | Noticed Menkaure
  3657 | D:5      | Noticed Prince Ribbit
  3665 | D:4      | Killed Menkaure
  3665 | D:4      | Reached skill level 1 in Dodging
  3665 | D:4      | Reached skill level 6 in Shields
  3858 | D:4      | Mangled by Prince Ribbit

Skill      XL: |  1  2  3  4  5  6  7 |
---------------+----------------------+-----
Maces & Flails | 3 4 5 |  5.6
Shields        | 4 5 6 |  6.1
Fighting       | 4 |  4.0
Armour         | 4 |  4.1
Dodging        | 1 |  1.0

Action                   |  1- 3 |  4- 6 |  7- 9 || total
-------------------------+-------+-------+-------++-------
Melee: Flail             |   139 |   305 |    33 ||   477
  Use: Scroll            |       |     2 |       ||     2
       Potion            |       |       |     1 ||     1
  Eat: Chunk             |       |     8 |     2 ||    10
Armor: Scale mail        |    78 |   137 |    17 ||   232
Dodge: Dodged            |    46 |    84 |    12 ||   142
Block: Shield            |    85 |   155 |    26 ||   266
